 Seeded DCSS version 0.29.1-12-g30fa7ad0bf (webtiles) character file.

Game seed: 16245865983455551772 (custom seed)

97 hikkokomori the Conjurer (level 4, -1/27 HPs)
             Began as an Octopode Conjurer on Jan 17, 2023.
             Killed from afar by an orc wizard (5 damage)
             ... with a magic dart
             ... on level 3 of the Dungeon.
             The game lasted 00:02:30 (2690 turns).

hikkokomori the Conjurer (Octopode Conjurer)        Turns: 2690, Time: 00:02:31

Health: -1/27      AC:  1    Str:  6    XL:     4   Next: 68%
Magic:  4/8        EV: 13    Int: 34    God:
Gold:   3155       SH:  0    Dex: 10    Spells: 7/8 levels left

rFire   . . .      SeeInvis .   h - +0 dagger (drain)
rCold   . . .      Faith    .   (no shield)
rNeg    . . .      Spirit   .   (helmet restricted)
rPois   .          Reflect  .   (no amulet)
rElec   .          Harm     .   g - +6 ring of intelligence
rCorr   .          Rampage  .   f - +6 ring of intelligence
Will    .....                   (no ring)
Stlth   +++.......              (no ring)
HPRegen 0.09/turn               (no ring)
MPRegen 0.11/turn               (no ring)
                                (no ring)
                                (no ring)

@: flying
A: almost no armour, amphibious, 8 rings, camouflage 1, gelatinous body 1,
(nimble swimmer 1), tentacles
a: no special abilities


You were on level 3 of the Dungeon.
You visited 1 branch of the dungeon, and saw 3 of its levels.

You collected 3155 gold pieces.

Inventory:

Hand Weapons
 h - a +0 dagger of draining (weapon)
Jewellery
 f - a +6 ring of intelligence (right tentacle)
 g - a +6 ring of intelligence (left tentacle)
Wands
 l - a wand of roots (4)
Scrolls
 e - 2 scrolls of teleportation {unknown}
 i - 2 scrolls of identify {unknown}
 j - a scroll of enchant weapon {unknown}
 k - a scroll of summoning {unknown}
 m - a scroll of noise {unknown}
Potions
 a - a potion of magic
 b - a potion of lignification {unknown}
 c - a potion of might {unknown}
 d - a potion of flight


   Skills:
 - Level 2.4 Dodging
 + Level 4.2 Stealth
 + Level 2.9 Spellcasting
 + Level 4.6 Conjurations


You had 7 spell levels left.
You knew the following spells:

 Your Spells              Type           Power      Damage    Failure   Level
a - Magic Dart            Conj           100%       1d8       1%          1

Your spell library contained the following spells:

 Spells                   Type           Power      Damage    Failure   Level
 Searing Ray              Conj           72%        2d7       1%          2
 Sting                    Tmut/Pois      16%        1d3       5%          1
 Dazzling Flash           Conj/Hex       40%        N/A       6%          3
 Poisonous Vapours        Pois/Air       8%         N/A       9%          2
 Fulminant Prism          Conj/Hex       10%        3d9       22%         4
 Iskenderun's Mystic Bla  Conj/Tloc      20%        2d6       22%         4
 Olgreb's Toxic Radiance  Pois           4%         N/A       50%         4
 Chain Lightning          Conj/Air       10%        3d13      100%        9
 Fire Storm               Conj/Fire      10%        8d3       100%        9
 Shatter                  Erth           2%         3d6*      100%        9


Dungeon Overview and Level Annotations

Branches:
Dungeon (3/15)

Altars:

Shops:
D:3 [


Innate Abilities, Weirdness & Mutations

You cannot wear most types of armour.
You are amphibious.
You can wear up to eight rings at the same time.
Your skin changes colour to match your surroundings (Stealth+).
Your rubbery body absorbs attacks. (AC +1, EV +1)
((You are camouflaged when in or above water. (Stealth+)))
You have tentacles for arms and can constrict up to eight enemies at once.


Message History

The magic dart hits something.
Something hits you.
Casting: Magic Dart (safe; 1% risk of failure)
Confirm with . or Enter, or press ? or * to list all spells.
Aiming: Magic Dart (safe; 1% risk of failure)
Press: ? - help, Shift-Dir - straight line, f/p - orc
Aim: an orc, wielding a +0 dagger (100% to hit)
The magic dart hits something but does no damage.
Something hits you.
* * * LOW HITPOINT WARNING * * *
Casting: Magic Dart (safe; 1% risk of failure)
Confirm with . or Enter, or press ? or * to list all spells.
Aiming: Magic Dart (safe; 1% risk of failure)
Press: ? - help, Shift-Dir - straight line, f/p - orc
Aim: an orc, wielding a +0 dagger (100% to hit)
The magic dart hits something.
You hear some strange, mumbled words.
You are confused.
An orc comes into view. It is wielding a +0 dagger.
You're too confused to cast spells.
Unknown command.
Unknown command.
It was a potion of flight.
You feel very buoyant.
You fly up into the air.
Something hits you.
* * * LOW HITPOINT WARNING * * *
Unknown command.
You bump into the rock wall.
Something hits you but does no damage.
You miss something. Your squeeze misses something.
You hear some strange, mumbled words.
Something tries to affect you, but you resist.
The orc shouts!
You see here a +0 dagger.
You feel less confused. Something hits you.
* * * LOW HITPOINT WARNING * * *
There is a stone staircase leading down here.
You hear some strange, mumbled words.
A magic dart appears from out of thin air!
The magic dart hits you.
You die...

#<.## #....#'##
#..######.......#
#.#...##....)..#
#.....##...o...#
#.##..##.......#
#.#............#
#.#.......o.#+#######
#######.#.####..{...# #...#
#.......#.......@#### #...#
#.#####################...#
#.# #.........# #.#
#.#####.### #.# #.#..<#.#
#.# #############.###.#.#
#†#
#...........)...#.#.######
#.#
#.###########.#.#†#......#
#.# #.# #...#.#.######.#


You could see 2 orcs.

Vanquished Creatures
  Jessica (D:2)
  An orc wizard (D:3)
  An adder (D:2)
  An orc (D:3)
  2 ball pythons (D:1)
  3 bats
  4 endoplasms (D:1)
  2 goblins (D:1)
  5 hobgoblins
  4 kobolds
  3 quokkas (D:1)
  3 frilled lizards
  5 rats
35 creatures vanquished.

Vanquished Creatures (others)
  A plant (D:3)
1 creature vanquished.

Grand Total: 36 creatures vanquished

Notes
Turn   | Place    | Note
-------+----------+-------------------------------------------
     0 | D:1      | hikkokomori the Octopode Conjurer began the quest for the
                  | Orb.
     0 | D:1      | Reached XP level 1. HP: 11/11 MP: 3/3
   153 | D:1      | Reached XP level 2. HP: 17/17 MP: 1/5
   289 | D:1      | Found a faded altar of an unknown god.
  1242 | D:1      | Reached XP level 3. HP: 21/21 MP: 0/6
  1317 | D:1      | Identified 3 scrolls of acquirement
  1317 | D:1      | Acquired 955 gold pieces
  1318 | D:1      | Acquired 1298 gold pieces
  1319 | D:1      | Acquired 780 gold pieces
  1725 | D:2      | Noticed Jessica
  1730 | D:2      | Killed Jessica
  1731 | D:2      | Reached XP level 4. HP: 9/27 MP: 1/7
  2617 | D:3      | Found Ymmy Ciutu's Antique Armour Shoppe.
  2690 | D:3      | Killed from afar by an orc wizard

Illustrated notes

Levels and vault maps discovered:
D:1:      minmay_arrival_hallway, layout_loops_corners, basic_ecumenical_altar,
          minmay_unequal
D:2:      layout_loops_ring, uniq_jessica
D:3:      layout_basic, serial_shops, nicolae_shop_advertising_works
          [nicolae_subvault_shop_adworks], minmay_shallow_snake_nest,
          uniq_natasha

Skill      XL: |  1  2  3  4 |
---------------+-------------+-----
Stealth        | 3 4 |  4.2
Dodging        | |  2.4
Spellcasting   | |  2.9
Conjurations   | |  4.6

Action                   |  1- 3 |  4- 6 || total
-------------------------+-------+-------++-------
Melee: Dagger            |       |     1 ||     1
 Cast: Magic Dart        |    44 |    27 ||    71
  Use: Scroll            |     3 |       ||     3
       Potion            |       |     1 ||     1
Armor: Skin              |     1 |     1 ||     2
